 Dungeon Crawl Stone Soup version 0.21.1-1-g345015fe64 (webtiles) character file.

142 KleinerIrrer the Skirmisher (level 5, -1/38 HPs)
             Began as an Octopode Transmuter on Apr 15, 2018.
             Was a Follower of Cheibriados.
             Slain by an ogre
             ... wielding a cursed +0 giant club
              (7 damage)
             ... on level 4 of the Dungeon.
             The game lasted 00:05:15 (3316 turns).

KleinerIrrer the Skirmisher (Octopode Transmuter)   Turns: 3316, Time: 00:05:16

Health: -1/38      AC:  1    Str: 11    XL:     5   Next: 24%
Magic:  8/8        EV: 14    Int: 17    God:    Cheibriados [*.....]
Gold:   143        SH:  0    Dex: 16    Spells: 5/8 levels left

rFire    . . .     SeeInvis .   c - +0 mace
rCold    . . .     Gourm    .   (no shield)
rNeg     . . .     Faith    .   (helmet restricted)
rPois    .         Spirit   .   (no amulet)
rElec    .         Reflect  .   (no ring)
rCorr    .         Harm     .   (no ring)
MR       .....                  (no ring)
Stlth    ++........             (no ring)
HPRegen  0.12/turn              (no ring)
MPRegen  0.11/turn              (no ring)
                                (no ring)
                                (no ring)

@: very slow
A: almost no armour, stealthy swim, amphibious, 8 rings, constrict 8, camouflage
1, gelatinous body 1
a: Bend Time, Renounce Religion


You were on level 4 of the Dungeon.
You worshipped Cheibriados.
Cheibriados was aware of your devotion.
You were not hungry.

You visited 1 branch of the dungeon, and saw 4 of its levels.

You collected 143 gold pieces.

Inventory:

Hand Weapons
 c - a +0 mace (weapon)
 g - a +0 whip
Missiles
 a - 14 arrows
Scrolls
 f - 4 scrolls of identify {unknown}
 j - a scroll of amnesia {unknown}
 k - a scroll of magic mapping {unknown}
 n - a scroll of teleportation {unknown}
Potions
 d - 2 potions of brilliance {unknown}
 h - a potion of agility {unknown}
 i - 3 potions of might {unknown}
 l - 3 potions of lignification {unknown}
Books
 b - a book of Changes

   Spells                             Type                      Level
   a - Beastly Appendage              Transmutation                1
   b - Sticks to Snakes               Transmutation                2
   c - Spider Form                    Transmutation/Poison         3
   d - Ice Form                       Ice/Transmutation            4
   e - Blade Hands                    Transmutation                5
Comestibles
 e - 3 rations
 m - 4 chunks of flesh


   Skills:
 + Level 4.9 Fighting
 + Level 2.0 Dodging
 - Level 3.0 Unarmed Combat
 - Level 2.0 Spellcasting
 - Level 2.0 Transmutations


You had 5 spell levels left.
You knew the following spells:

 Your Spells              Type           Power        Failure   Level  Hunger
a - Beastly Appendage     Tmut           #.....       9%          1    #......
b - Sticks to Snakes      Tmut           #.......     13%         2    ###....


Dungeon Overview and Level Annotations

Branches:
Dungeon (4/15)
 Temple: D:4-7

Altars:
Cheibriados
Dithmenos

Annotations:
D:3 Sigmund


Innate Abilities, Weirdness & Mutations

You cannot wear most types of armour.
You are very stealthy in the water. (Stealth+)
You are amphibious.
You can wear up to eight rings at the same time.
You can use your tentacles to constrict eight enemies at once.
Your skin changes colour to match your surroundings (Stealth+).
Your rubbery body absorbs attacks. (AC +1, EV +1)


Message History

The ogre barely misses you. x2
You hit the ogre.
The ogre is heavily wounded.
The ogre hits you with a giant club!!
Ouch! That really hurt!
* * * LOW HITPOINT WARNING * * *
You swap places.
Your ball python bites the ogre but does no damage.
The ogre closely misses your ball python.
Your ball python barely misses the ogre.
A jackal comes into view.
The jackal moves out of view.
Your ball python bites the ogre.
The ogre barely misses your ball python.
Your ball python barely misses the ogre.
Your ball python bites the ogre.
The ogre hits your ball python with a giant club!
Your ball python dies!
The ogre shouts!
The ogre hits you with a giant club!
You die...

### ..### #.#.##
####..#.####
#...........#
#<##...####.#
#@##...####.#
#O##.........
#h##..#####.#
#.##..# #.#
#h##..# #.#
#.##..#####.#
#....hh.....######
####..######......
.....# #.#####


You could see an ogre and 2 jackals.

Vanquished Creatures
  Natasha (D:2)
  Terence (D:2)
  2 adders (D:2)
  An adder skeleton (D:4)
  A worm (D:2)
  2 dart slugs
  2 ball pythons (D:1)
  4 giant cockroaches
  9 goblins
  7 hobgoblins
  4 jackals (D:3)
  7 bats
  6 frilled lizards
  8 kobolds
  5 rats
60 creatures vanquished.

Vanquished Creatures (collateral kills)
  An adder (D:3)
  A bat (D:3)
  A kobold (D:2)
3 creatures vanquished.

Grand Total: 63 creatures vanquished

Notes
Turn   | Place    | Note
-------+----------+-------------------------------------------
     0 | D:1      | KleinerIrrer the Octopode Transmuter began the quest for the Orb.
     0 | D:1      | Reached XP level 1. HP: 13/13 MP: 3/3
     0 | D:1      | 0 ||| counter = 80
    26 | D:1      | 26 ||| CASTING Beastly Appendage
    50 | D:1      | 50 ||| CASTING Beastly Appendage
   113 | D:1      | 113 ||| CASTING Beastly Appendage
   114 | D:1      | 114 ||| CASTING Beastly Appendage
   146 | D:1      | 146 ||| CASTING Beastly Appendage
   172 | D:1      | 172 ||| Wielding weapon mace.
   213 | D:1      | 213 ||| CASTING Beastly Appendage
   229 | D:1      | 229 ||| CASTING Beastly Appendage
   234 | D:1      | Reached skill level 2 in Fighting
   234 | D:1      | Reached XP level 2. HP: 8/19 MP: 3/5
   415 | D:1      | 415 ||| CASTING Beastly Appendage
   460 | D:1      | 460 ||| CASTING Beastly Appendage
   461 | D:1      | 461 ||| CASTING Beastly Appendage
   485 | D:1      | 485 ||| CASTING Beastly Appendage
   534 | D:1      | 534 ||| CASTING Beastly Appendage
   670 | D:1      | 670 ||| CASTING Beastly Appendage
   725 | D:1      | 725 ||| CASTING Beastly Appendage
   786 | D:1      | 786 ||| CASTING Beastly Appendage
   868 | D:1      | 868 ||| CASTING Beastly Appendage
   919 | D:1      | 919 ||| CASTING Beastly Appendage
  1180 | D:1      | 1180 ||| CASTING Beastly Appendage
  1187 | D:1      | Reached XP level 3. HP: 20/25 MP: 4/6
  1340 | D:1      | 1340 ||| CASTING Beastly Appendage
  1430 | D:1      | 1430 ||| CASTING Beastly Appendage
  1433 | D:1      | Reached skill level 3 in Fighting
  1454 | D:1      | 1454 ||| CASTING Beastly Appendage
  1455 | D:1      | 1455 ||| CASTING Beastly Appendage
  1473 | D:1      | 1473 ||| EATING 3 rations.
  1483 | D:1      | 1483 ||| CASTING Beastly Appendage
  1841 | D:2      | Found a shadowy altar of Dithmenos.
  1854 | D:2      | Reached XP level 4. HP: 31/33 MP: 5/7
  1921 | D:2      | Noticed Terence
  1932 | D:2      | Killed Terence
  1932 | D:2      | Reached skill level 4 in Fighting
  2142 | D:2      | Learned a level 2 spell: Sticks to Snakes
  2150 | D:2      | Noticed Natasha
  2160 | D:2      | Killed Natasha
  2160 | D:2      | Reached XP level 5. HP: 23/38 MP: 4/8
  2314 | D:2      | Found a snail-covered altar of Cheibriados.
  2372 | D:2      | Became a worshipper of Cheibriados the Contemplative
  2741 | D:3      | Noticed Sigmund
  3212 | D:3      | Reached * piety under Cheibriados
  3290 | D:4      | Noticed an ogre
  3316 | D:4      | Slain by an ogre

Skill      XL: |  1  2  3  4 |
---------------+-------------+-----
Fighting       | 2 3 4 |  4.9
Dodging        | |  2.0
Unarmed Combat | |  3.0
Spellcasting   | |  2.0
Transmutations | |  2.0

Action                   |  1- 3 |  4- 6 || total
-------------------------+-------+-------++-------
Melee: Unarmed           |     9 |       ||     9
       Mace              |    57 |    53 ||   110
       Constrict         |    20 |     9 ||    29
       Kick              |    15 |       ||    15
       Punch             |     2 |       ||     2
       Tentacles         |     5 |     5 ||    10
 Cast: Beastly Appendage |    22 |     2 ||    24
       Sticks to Snakes  |       |     9 ||     9
 Stab: Sleeping          |     1 |     5 ||     6
  Eat: Chunk             |     1 |     5 ||     6
       Ration            |     1 |       ||     1
Armor: Skin              |     4 |     6 ||    10
Dodge: Dodged            |    46 |    40 ||    86
